 Dungeon Crawl Stone Soup version 0.19.4-9-g45fd643 (webtiles) character file.

51 Gargoyl the Skirmisher (level 3, 0/33 HPs)
             Began as a Ghoul Abyssal Knight on Feb 20, 2017.
             Was a Follower of Lugonu.
             Slain by Crazy Yiuf
             ... wielding a +2 quarterstaff of chaos
              (13 damage)
             ... on level 2 of the Dungeon.
             The game lasted 00:02:54 (1652 turns).

Gargoyl the Skirmisher (Ghoul Abyssal Knight)       Turns: 1652, Time: 00:02:54

Health: 0/33       AC: 11    Str: 17 (19) XL:     3   Next: 81%
Magic:  3/3        EV:  9    Int:  4 (7)  God:    Lugonu [*.....]
Gold:   73         SH:  0    Dex:  6 (9)  Spells: 0 memorised, 2 levels left

rFire  . . .     SeeInvis .     a - +1 hand axe
rCold  + . .     Gourm    .     e - +5 scale mail "Coodon" {MR+ Str+4}
rNeg   + + +     Faith    .     (no shield)
rPois  ∞         Spirit   .     (no helmet)
rElec  .         Reflect  .     (no cloak)
rCorr  .         Harm     .     (no gloves)
MR     +....                    (no boots)
Stlth  ..........               (no amulet)
                                (no ring)
                                (no ring)

@: rotting, slowed, very slow
A: rotting body, claws 1, carnivore 3, cold resistance 1, negative energy
resistance 3, slow regeneration 1, torment resistance, unbreathing
a: Depart the Abyss, Renounce Religion


You were on level 2 of the Dungeon.
You worshipped Lugonu.
Lugonu was aware of your devotion.
You were not hungry.

You visited 1 branch of the dungeon, and saw 2 of its levels.
You visited the Abyss 1 time.

You collected 73 gold pieces.

Inventory:

Hand Weapons
 a - a +1 hand axe (weapon)
Armour
 b - a +0 leather armour
 e - the +5 scale mail "Coodon" (worn) {MR+ Str+4}
   (You found it on level 2 of the Abyss)

   It affects your strength (+4).
   It affects your resistance to hostile enchantments.
Jewellery
 l - an uncursed ring of flight
Scrolls
 k - a scroll of fog
 m - 2 scrolls of recharging
 n - a scroll of identify
Potions
 h - a potion of lignification
Books
 o - a book of Misfortune

   Spells                             Type                      Level
   a - Confusing Touch                Hexes                        1
   b - Confuse                        Hexes                        3
   c - Gell's Gravitas                Hexes/Translocation          3
   d - Petrify                        Transmutation/Earth          4
   e - Metabolic Englaciation         Hexes/Ice                    5
   f - Yara's Violent Unravelling     Hexes/Transmutation          5
Comestibles
 c - 2 meat rations
 d - 2 beef jerkies


   Skills:
 + Level 3.7 Fighting
 + Level 2.5 Axes
 * Level 2.2 Armour
 + Level 1.0 Dodging
 * Level 2.6 Invocations


You had 2 spell levels left.
You didn't know any spells.

Dungeon Overview and Level Annotations

Branches:
Dungeon (2/15)

Altars:

Annotations:
D:2 Crazy Yiuf


Innate Abilities, Weirdness & Mutations

Your body is rotting away.
You thrive on raw meat.
You are immune to poison.
You have sharp fingernails.
You are carnivorous and can eat meat at any time.
Your flesh is cold resistant. (rC+)
You are immune to negative energy. (rN+++)
You regenerate slowly when monsters are visible.
You are immune to unholy pain and torment.
You can survive without breathing.


Message History

Crazy Yiuf hits you but does no damage.
You feel yourself slow down.
It was a potion of curing.
You feel better.
Crazy Yiuf hits you with a quarterstaff of chaos.
You feel better. Crazy Yiuf hits you but does no damage.
You are confused.
It was a potion of lignification.
You feel woody for a moment.
You feel less confused. Crazy Yiuf closely misses you.
Crazy Yiuf hits you with a quarterstaff of chaos.
It was a potion of degeneration.
There was something very wrong with that liquid.
You feel weakened.
You feel dopey.
You feel clumsy.
Crazy Yiuf hits you with a quarterstaff of chaos.
You feel as though you will be slow longer.
It was a potion of beneficial mutation.
Your body decomposes!
You feel clumsy.
You feel dead inside. Crazy Yiuf hits you but does no damage.
You are electrocuted!
You die...

#....#
#......#
♣P..P♣
#......#
♣♣.P.♣
#....###
♣♣.♣♣
####'#######
♣♣.♣
#........#
♣.♣♣
#........#
♣♣.♣
#....(...#
♣.♣♣
##'#######
#@# #.#
#.g.# #.# #
#...# #.# ##
#)..# #.# #.
##### #.# #.
#.# #. #.#
#. #.#######
#.##.....


You could see Crazy Yiuf.

Vanquished Creatures
  2 adders (D:2)
  An ooze (D:2)
  A worm (D:2)
  A dart slug (D:2)
  2 giant cockroaches (D:2)
  A goblin (D:2)
  4 hobgoblins (D:2)
  4 jackals (D:2)
  2 bats
  A frilled lizard (D:2)
  3 kobolds
  3 rats
25 creatures vanquished.

Notes
Turn   | Place    | Note
-------+----------+-------------------------------------------
     0 | Abyss:1  | Gargoyl the Ghoul Abyssal Knight began the quest for the Orb.
     0 | Abyss:1  | Reached XP level 1. HP: 19/19 MP: 1/1
    59 | Abyss:2  | Got a smoking scale mail
    66 | Abyss:2  | Noticed a hellwing
    70 | Abyss:2  | Identified the +5 scale mail "Coodon" {MR+ Str+4} (You found it on level 2 of the Abyss)
    70 | D:1      | Escaped the Abyss
   162 | D:1      | Reached skill level 1 in Dodging
   219 | D:1      | Reached * piety under Lugonu
   758 | D:2      | Reached XP level 2. HP: 26/26 MP: 2/2
   940 | D:2      | Reached XP level 3. HP: 22/31 MP: 3/3
  1633 | D:2      | Found a runed door.
  1637 | D:2      | Noticed Crazy Yiuf
  1652 | D:2      | Slain by Crazy Yiuf

Skill      XL: |  1  2 |
---------------+-------+-----
Dodging        | 1 |  1.0
Armour         | 2 |  2.2
Axes           | 2 |  2.5
Fighting       | |  3.7
Invocations    | |  2.6

Action                   || total
-------------------------++-------
Melee: Hand axe          ||   113
Invok: Depart the Abyss  ||     1
  Use: Scroll            ||     5
       Potion            ||     5
  Eat: Chunk             ||    10
Armor: Scale mail        ||    91
Dodge: Dodged            ||    81
